 Dungeon Crawl Stone Soup version 0.28-a0-1638-g9123634e07 (webtiles) character file.

Game seed: 17674840621820998508

7 murtidash the Skirmisher (level 2, -3/25 HPs)
             Began as a Djinni Cinder Acolyte on Jan 25, 2022.
             Was a High Priest of Ignis.
             Slain by a hobgoblin (5 damage)
             ... on level 1 of the Dungeon.
             The game lasted 00:00:19 (115 turns).

murtidash the Skirmisher (Djinni Cinder Acolyte)     Turns: 115, Time: 00:00:19

Health: -3/25      AC:  2    Str: 13    XL:     2   Next: 10%
Gold:   10         EV: 11    Int: 15    God:    Ignis [*****.] SH:  0 Dex:  8

rFire   + + +      SeeInvis .   a - -1 falchion (flame)
rCold   x . .      Faith    .   (no shield)
rNeg    . . .      Spirit   .   b - +0 robe
rPois   ∞          Reflect  .   (no helmet)
rElec   .          Harm     .   (no cloak)
rCorr   .          Rampage  .   (no gloves)
Will    .....                   (boots unavailable)
Stlth   +.........              (no amulet)
HPRegen 0.08/turn               (no ring)
MPRegen 0.00/turn               (no ring)

@: flying
A: sickness immunity, fire resistance 2, cold vulnerability 1, float, innate
caster, hp casting, extra vitality 1
a: Renounce Religion, Fiery Armour, Foxfire Swarm, Rising Flame


You were on level 1 of the Dungeon.
You worshipped Ignis.
Ignis was extremely pleased with you.
You visited 1 branch of the dungeon, and saw 1 of its levels.

You collected 10 gold pieces.

Inventory:

Hand Weapons
 a - a -1 falchion of flaming (weapon)
Armour
 b - a +0 robe (worn)


   Skills:
 - Level 3.0 Fighting
 - Level 2.6 Long Blades
 + Level 2.8 Spellcasting


You had 4 spell levels left.
You knew the following spells:

 Your Spells              Type           Power      Damage    Failure   Level
Z - Scorch                Fire           20%        2d6       10%         2
Your spell library was empty.

Dungeon Overview and Level Annotations

Branches:
Dungeon (1/15)

Altars:


Innate Abilities, Weirdness & Mutations

You are immune to sickness and miasma.
You are immune to poison.
Your flesh is very heat resistant. (rF++)
You are vulnerable to cold. (rC-)
You float through the air rather than walking.
You learn spells naturally, not from books.
Your magical power is your life essence.
You have superior vitality. (+4 MHP)


Message History

No target in view!
No target in view!
No target in view!
No target in view!
No target in view!
No target in view!
No target in view!
No target in view!
No target in view!
No target in view!
No target in view!
You see here a bat corpse.
You see here a +0 war axe.
You now have 10 gold pieces.
A bat comes into view.
Health restored: 20 The bat closely misses you.
A kobold and a hobgoblin come into view.
The kobold shouts!
The hobgoblin shouts!
The bat barely misses you. The bat hits you but does no damage.
You hit the bat. You burn the bat.
You kill the bat!
The kobold throws a stone.
The stone completely misses you.
A dart slug comes into view.
The dart slug launches a dart at you. The slug dart hits you.
The hobgoblin closely misses you.
The dart slug briefly extends its eye-stalks.
You hit the hobgoblin. You burn the hobgoblin. The hobgoblin hits you.
You barely miss the hobgoblin. The hobgoblin barely misses you.
The kobold completely misses you.
A hobgoblin comes into view.
You take 5 damage, and have 15/20 hp.
MASSIVE DAMAGE!!
You barely miss the hobgoblin.
The hobgoblin shouts!
A bat comes into view.
The hobgoblin closely misses you. The kobold misses you.
The hobgoblin hits you. The kobold barely misses you.
You take 2 damage, and have 13/20 hp.
You are too injured to fight recklessly!
You are too injured to fight recklessly!
You are too injured to fight recklessly!
You are too injured to fight recklessly!
You are too injured to fight recklessly!
You are too injured to fight recklessly!
You are too injured to fight recklessly!
You are too injured to fight recklessly!
You are too injured to fight recklessly!
You are too injured to fight recklessly!
You are too injured to fight recklessly!
You are too injured to fight recklessly!
You are too injured to fight recklessly!
You are too injured to fight recklessly!
You are too injured to fight recklessly!
You are too injured to fight recklessly!
You are too injured to fight recklessly!
You hit the hobgoblin. You burn the hobgoblin. The hobgoblin misses you.
You barely miss the hobgoblin. The bat barely misses you. x2
The hobgoblin hits you.
You take 2 damage, and have 12/20 hp.
You closely miss the bat. The bat barely misses you. The bat hits you.
The hobgoblin closely misses you. The bat hits you but does no damage.
You take 1 damage, and have 11/20 hp.
You miss the bat. The bat barely misses you. The bat hits you.
The hobgoblin completely misses you.
You take 1 damage, and have 10/20 hp.
You hit the hobgoblin. You burn the hobgoblin.
You kill the hobgoblin!
The bat closely misses you. The bat barely misses you.
The kobold hits you with a +0 short sword.
You take 1 damage, and have 9/20 hp.
You closely miss the kobold. The bat hits you but does no damage.
The kobold barely misses you.
You hit the kobold. You burn the kobold. The bat barely misses you.
The bat hits you but does no damage. The kobold hits you but does no damage.
You barely miss the kobold. The bat hits you but does no damage.
The bat closely misses you. The kobold barely misses you.
You hit the kobold but do no damage. The bat hits you but does no damage.
The bat hits you. The bat barely misses you.
The kobold hits you with a +0 short sword.
* * * LOW HITPOINT WARNING * * *
You take 6 damage, and have 3/20 hp.
MASSIVE DAMAGE!!
You hit the kobold. You burn the kobold.
You kill the kobold!
The bat barely misses you.
You hit the dart slug. You burn the dart slug. The dart slug barely misses you.
You hit the dart slug. You burn the dart slug.
You kill the dart slug!
The bat barely misses you.
You have reached level 2!
You regained 2 hp, and now have 5/25 hp.
You closely miss the hobgoblin. The bat barely misses you.
The hobgoblin hits you.
* * * LOW HITPOINT WARNING * * *
You take 3 damage, and have 2/25 hp.
You aren't carrying any potions.
You closely miss the hobgoblin. The bat barely misses you.
The hobgoblin hits you.
You die...

#...##.# .###
..+......###....
..##.......g.... .
...#.............
...#.#....w.$......
#.................#
#.##.#...####......
#.....####.!...#.#
####.#..g@b.....#.#
.........######.##.#
######...### #.
.####
#.....####.##....
#.......##..#..#
#.......###.#..#
####...........#
#.....##.#.##
###...##.#.#


You could see a hobgoblin and a bat.

Vanquished Creatures
  A dart slug (D:1)
  2 bats (D:1)
  A hobgoblin (D:1)
  A kobold (D:1)
5 creatures vanquished.

Notes
Turn   | Place    | Note
-------+----------+-------------------------------------------
     0 | D:1      | murtidash the Djinni Cinder Acolyte began the quest for the
                  | Orb.
     0 | D:1      | Reached XP level 1. HP: 20/20 MP: 0/0
   110 | D:1      | HP: 3/20 [kobold (5)]
   114 | D:1      | Reached XP level 2. HP: 5/25 MP: 0/0
   115 | D:1      | Slain by a hobgoblin

Illustrated notes

Levels and vault maps discovered:
D:1:      sevenhm_arrival_forest_fort_small_6, layout_basic,
          kennysheep_minor_cross

Action                   || total
-------------------------++-------
Melee: Falchion          ||    20
Armor: Robe              ||     8
Dodge: Dodged            ||    32

Table legend: (Time is in decaauts)
 A = Elapsed time spent in this place.
 B = Non-inter-level travel time spent in this place.
 C = Inter-level travel time spent in this place.
 D = Time resting spent in this place.
 E = Time spent auto-exploring this place.
 F = Levels seen in this place.
 G = Mean time per level.
                   A        B        C        D        E       F      G
               +--------+--------+--------+--------+--------+-----+--------+
         Total |    118 |    118 |      0 |      0 |     80 |   1 |  118.0 |
       Dungeon |    118 |    118 |      0 |      0 |     80 |   1 |  118.0 |
               +--------+--------+--------+--------+--------+-----+--------+

Top non-repeatable levels by time:
     D:1: 118 daAuts

Table legend:
 A = Kills in this place as a percentage of kills in entire the game.
 B = Kills by you in this place as a percentage of kills by you in the entire game.
 C = Kills by friends in this place as a percentage of kills by friends in the entire game.
 D = Other kills in this place as a percentage of other kills in the entire game.
 E = Experience gained in this place as a percentage of experience gained in the entire game.
 F = Experience gained in this place divided by the number of levels of this place that you have seen.
                   A       B       C       D       E      F
               +-------+-------+-------+-------+-------+----------------------
         Total | 100.0 | 100.0 |   N/A |   N/A | 100.0 |  11.0
       Dungeon | 100.0 | 100.0 |   N/A |   N/A | 100.0 |  11.0
               +-------+-------+-------+-------+-------+----------------------
